 Dungeon Crawl Stone Soup version 0.30-a0-165-g1891117ce2 (webtiles) character file.

Game seed: 7738899838203255237

7247 qw the Cleaver (level 11, -11/71 HPs)
             Began as a Gargoyle Fighter on Sept 28, 2022.
             Was an Elder of Okawaru.
             Mangled by a death yak (17 damage)
             ... on level 9 of the Dungeon.
             The game lasted 00:03:16 (6969 turns).

qw the Cleaver (Gargoyle Fighter)                   Turns: 6969, Time: 00:03:16

Health: -11/71     AC: 30    Str: 24    XL:     11   Next: 12%
Magic:  11/14      EV:  8    Int:  9    God:    Okawaru [****..]
Gold:   237        SH:  6    Dex:  9    Spells: 10/10 levels left

rFire   . . .      SeeInvis .    q - +1 war axe (elec)
rCold   . . .      Faith    .    c - +0 buckler
rNeg    + + .      Spirit   .    k - +0 plate armour
rPois   inf        Reflect  .    (no helmet)
rElec   +          Harm     .    l - +2 cloak
rCorr   .          Rampage  .    (no gloves)
Will    .....                    m - +2 pair of boots
Stlth   ..........               h - amulet of regeneration
HPRegen 1.01/turn                n - ring of positive energy
MPRegen 0.14/turn                (no ring)

@: about to teleport, heroic
A: sickness immunity, AC +8, negative energy resistance 1, electricity
resistance, torment resistance 1, petrification resistance
a: Renounce Religion, Heroism, Finesse


You were on level 9 of the Dungeon.
You worshipped Okawaru.
Okawaru was greatly pleased with you.
You visited 2 branches of the dungeon, and saw 10 of its levels.

You collected 423 gold pieces.
You spent 186 gold pieces at shops.


Innate Abilities, Weirdness & Mutations

You are immune to sickness and miasma.
Your stone body is resilient. (AC +8)
You are immune to poison.
You resist negative energy. (rN+)
You are resistant to electric shocks. (rElec)
You are resistant to unholy torment.
You are immune to petrification.


   Skills:
 + Level 9.0(14.0) Fighting
 - Level 11.2(16.2) Axes
 - Level 3.1(8.1) Throwing
 - Level 7.2(12.2) Armour
 - Level 1.0(6.0) Dodging
 - Level 5.2(10.2) Shields
 - Level 4.1 Invocations


You had 10 spell levels left.
You didn't know any spells.
Your spell library was empty.

Inventory:

Hand Weapons
 q - a +1 war axe of electrocution (weapon)
 t - a +1 war axe of flaming
Missiles
 b - 8 boomerangs
 r - a javelin (quivered)
Armour
 c - a +0 buckler (worn)
 k - a +0 plate armour (worn)
 l - a +2 cloak (worn)
 m - a +2 pair of boots (worn)
Jewellery
 h - an amulet of regeneration (around neck)
 n - a ring of positive energy (left hand)
 o - a ring of ice
Scrolls
 j - a scroll of identify
 s - 2 scrolls of teleportation
Potions
 d - a potion of might
 e - 3 potions of resistance
 f - a potion of magic
 g - 2 potions of haste
 p - 2 potions of lignification
 v - a potion of attraction {unknown}
 w - a potion of ambrosia {unknown}
 x - 3 potions of mutation {unknown}

Dungeon Overview and Level Annotations

Branches:
Dungeon (9/15)             Temple (1/1) D:5            Lair (0/5) D:9
    Orc (0/2) D:9

Altars:
Ashenzari
Cheibriados
Dithmenos
Elyvilon
Fedhas
Gozag
Hepliaklqana
Makhleb
Nemelex Xobeh
Okawaru
Qazlal
Ru
Sif Muna
Trog
Uskayaw
Vehumet
Wu Jian
Xom
Yredelemnul
Zin
The Shining One

Shops:
D:9 (

Annotations:
D:5 2 transporters


Message History

You hit the death yak.
The death yak is severely wounded.
You hit the yak. You hit the death yak but do no damage.
You hit the yak but do no damage. You hit the death yak.
You hit the death yak but do no damage. The yak gores you.
The death yak snorts and paws the ground.
The death yak barely misses you.
The death yak gores you but does no damage.
You block the death yak's attack. The death yak misses you.
You hit the death yak.
Lightning courses through the death yak!!
The death yak is almost dead.
You slash the death yak! You hit the death yak but do no damage.
You hit the yak.
You hit the death yak but do no damage. x2
The death yak gores you but does no damage.
The yak gores you but does no damage. The death yak misses you.
The death yak gores you!
The death yak gores you but does no damage.
6967 ||| READING 3 scrolls of teleportation.
As you read the scroll of teleportation, it crumbles to dust.
You feel strangely unstable. The death yak barely misses you.
The death yak gores you.
The death yak gores you but does no damage. x2
You slash the death yak!
You kill the death yak!
Okawaru is honoured by your kill.
You can now speed up your combat.
You hit the death yak.
Lightning courses through the death yak!
You hit the death yak. x2; You slash the yak!
You kill the yak!
Okawaru accepts your kill.
You barely miss the death yak.
Your base Fighting skill increases to level 9!
You hit the death yak but do no damage.
The death yak is severely wounded.
You barely miss the death yak. You hit the death yak but do no damage.
You barely miss the death yak. You block the death yak's attack.
The death yak gores you!
You die...

....Y.Y..# #...\.>.....
##.#.....# #........... # #.....#
##........... ####.....#
#.....)......
##########.##.....###)####.#####.
....<)......((.........).........
...............YYY....%).........
...<>........[.YYY...............
#############[.Y@Y####.#####...##
#[)YY.# #.# #...## #.....# #..
##.## ##.....####P.7


777 ##........~.77+ #........~~^~ ##.>.>..#~~~~ ### ##.....#.~~~ ###..+7
#.....###~P #^#.... You could see 6 death yaks and 4 yaks.

Vanquished Creatures
  2 death yaks (D:9)
  Pikel (D:6)
  Joseph (D:8)
  A wyvern (D:6)
  9 yaks (D:9)
  Eustachio (D:6)
  Menkaure (D:7)
  Edmund (D:6)
  A water moccasin (D:8)
  Duvessa (D:6)
  An ice beast (D:5)
  5 orc warriors
  A sky beast (D:6)
  A black bear (D:6)
  4 ogres
  2 phantoms (D:6)
  A kobold brigand (D:8)
  5 bullfrogs
  4 necrophages
  2 gnoll sergeants
  Dowan (D:6)
  4 killer bees (D:9)
  5 howler monkeys
  A jelly (D:8)
  An orc priest (D:7)
  A gnoll bouda (D:5)
  5 hounds
  5 iguanas
  9 orc wizards
  16 gnolls
  10 adders
  A shadow imp (D:8)
  2 white imps
  An ufetubus (D:7)
  4 worms
  38 orcs
  13 ball pythons
  6 bats
  6 endoplasms
  A giant cockroach (D:4)
  4 goblins
  5 hobgoblins
  6 jackals
  2 quokkas (D:5)
  A frilled lizard (D:3)
  14 kobolds
  5 rats
212 creatures vanquished.

Vanquished Creatures (others)
  7 plants (D:9)
7 creatures vanquished.

Grand Total: 219 creatures vanquished

Notes
Turn   | Place    | Note
-------+----------+-------------------------------------------
     0 | D:1      | qw the Gargoyle Fighter began the quest for the Orb.
     0 | D:1      | Reached XP level 1. HP: 14/14 MP: 1/1
     0 | D:1      | 0 ||| qw: Version: 0.2-a-12-gaebbb33
     0 | D:1      | 0 ||| qw: Game counter: 864
     0 | D:1      | 0 ||| qw: Always use a shield: true
     0 | D:1      | 0 ||| qw: God list: Okawaru
     0 | D:1      | 0 ||| qw: Allow faded altars: false
     0 | D:1      | 0 ||| qw: Do Orc after D:15 true
     0 | D:1      | 0 ||| qw: Do second Lair branch before Depths: true
     0 | D:1      | 0 ||| qw: Lair rune preference: random
     0 | D:1      | 0 ||| qw: Plans: Normal, Zot:1-4, God:TSO, Crypt, Tomb,
                  | Pan, Slime:5, Hells, Abyss, Orb
     0 | D:1      | 0 ||| PLANNING D:1-11
   187 | D:1      | Reached skill level 2 in Axes
   302 | D:1      | Reached XP level 2. HP: 19/19 MP: 2/2
   540 | D:1      | 540 ||| DROPPING +0 club.
   787 | D:1      | 787 ||| READING 2 scrolls labelled BIYMORR IGUNO.
   788 | D:1      | 788 ||| READING scroll labelled FAB YDITIM KOU.
   789 | D:1      | 789 ||| READING scroll labelled UNUDEPHOGEM.
   794 | D:1      | 794 ||| DRINKING 3 green potions.
   795 | D:1      | 795 ||| DRINKING 2 bubbling puce potions.
  1121 | D:2      | Reached skill level 3 in Axes
  1121 | D:2      | Reached XP level 3. HP: 23/23 MP: 3/3
  1427 | D:2      | 1427 ||| UPGRADING to +0 pair of boots.
  1432 | D:2      | 1432 ||| UPGRADING to +0 cloak.
  1437 | D:2      | 1437 ||| READING 2 scrolls of enchant armour.
  1437 | D:2      | 1437 ||| ENCHANTING +0 pair of boots.
  1438 | D:2      | 1438 ||| READING scroll of enchant armour.
  1438 | D:2      | 1438 ||| ENCHANTING +1 pair of boots.
  1439 | D:2      | 1439 ||| UPGRADING to amulet of regeneration.
  1444 | D:2      | 1444 ||| READING 2 scrolls labelled TATIPUSUHY.
  1445 | D:2      | 1445 ||| READING scroll labelled NEISTI OF ISYNN.
  1446 | D:2      | 1446 ||| READING scroll labelled SUYJI CAANUIXU.
  1447 | D:2      | 1447 ||| READING scroll labelled FIQOHI JOZOH.
  1448 | D:2      | 1448 ||| DRINKING 2 black potions.
  1557 | D:3      | Found a faded altar of an unknown god.
  1617 | D:3      | Found a snail-covered altar of Cheibriados.
  1983 | D:3      | 1983 ||| READING scroll labelled QULEOSK FAVIQ.
  1984 | D:3      | 1984 ||| READING scroll labelled TETUTW HUPNIES.
  2015 | D:4      | 2015 ||| Stepping ~*~*~tactically~*~*~ (stealth).
  2060 | D:4      | Reached XP level 4. HP: 28/28 MP: 4/4
  2125 | D:4      | 2125 ||| READING scroll of enchant armour.
  2125 | D:4      | 2125 ||| ENCHANTING +0 cloak.
  2132 | D:4      | Reached skill level 4 in Axes
  2162 | D:4      | 2162 ||| Stepping ~*~*~tactically~*~*~ (hiding).
  2178 | D:4      | 2178 ||| Stepping ~*~*~tactically~*~*~ (stealth).
  2182 | D:4      | 2182 ||| Stepping ~*~*~tactically~*~*~ (stealth).
  2199 | D:4      | 2199 ||| DROPPING +0 whip.
  2234 | D:4      | Reached XP level 5. HP: 32/32 MP: 5/5
  2298 | D:4      | 2298 ||| Stepping ~*~*~tactically~*~*~ (hiding).
  2306 | D:4      | Reached skill level 1 in Throwing
  2323 | D:4      | Identified the +1 ring mail of Fuatwuro {SInv}
  2342 | D:4      | Noticed an ogre
  2346 | D:4      | Killed an ogre
  2347 | D:4      | Reached skill level 5 in Axes
  2347 | D:4      | Reached XP level 6. HP: 37/37 MP: 6/6
  2654 | D:4      | Found a glowing silver altar of Zin.
  2668 | D:4      | 2668 ||| UPGRADING to +2 cloak.
  2678 | D:4      | 2678 ||| DROPPING +1 cloak.
  2679 | D:4      | 2679 ||| UPGRADING to +1 ring mail of Fuatwuro {SInv}.
  2689 | D:4      | 2689 ||| DROPPING +0 scale mail.
  2690 | D:4      | 2690 ||| UPGRADING to +0 chain mail.
  2700 | D:4      | 2700 ||| DROPPING +1 ring mail of Fuatwuro {SInv}.
  2701 | D:4      | 2701 ||| READING scroll labelled KUTZYD BU PICW.
  2802 | D:4      | 2802 ||| DRINKING 2 metallic emerald potions.
  2857 | D:5      | Entered Level 5 of the Dungeon
  2908 | D:5      | Noticed an ice beast
  2909 | D:5      | 2909 ||| Stepping ~*~*~tactically~*~*~ (stealth).
  2911 | D:5      | 2911 ||| Stepping ~*~*~tactically~*~*~ (stealth).
  2912 | D:5      | 2912 ||| Stepping ~*~*~tactically~*~*~ (stealth).
  2929 | D:5      | Killed an ice beast
  2930 | D:5      | Reached skill level 6 in Axes
  2930 | D:5      | Reached XP level 7. HP: 43/43 MP: 7/7
  2947 | D:5      | Reached skill level 1 in Dodging
  2961 | D:5      | Reached skill level 7 in Axes
  2962 | D:5      | 2962 ||| FLEEEEING.
  2963 | D:5      | 2963 ||| FLEEEEING.
  2964 | D:5      | 2964 ||| FLEEEEING.
  2965 | D:5      | 2965 ||| FLEEEEING.
  2966 | D:5      | 2966 ||| FLEEEEING.
  2967 | D:5      | 2967 ||| FLEEEEING.
  2968 | D:5      | 2968 ||| FLEEEEING.
  3004 | D:5      | Found a staircase to the Ecumenical Temple.
  3006 | D:5      | 3006 ||| PLANNING TEMPLE
  3014 | Temple   | Entered the Ecumenical Temple
  3023 | Temple   | 3023 ||| PLANNING OKAWARU WORSHIP
  3253 | Temple   | Became a worshipper of Warmaster Okawaru
  3254 | Temple   | 3254 ||| PLANNING D:1-11
  3336 | D:5      | Reached XP level 8. HP: 50/50 MP: 8/8
  3371 | D:5      | 3371 ||| Stepping ~*~*~tactically~*~*~ (stealth).
  3398 | D:5      | Found a transporter.
  3413 | D:5      | Found a transporter.
  3846 | D:5      | 3846 ||| UPGRADING to ring of positive energy.
  3847 | D:5      | 3847 ||| READING scroll labelled HUMENEIV ZUWN.
  3859 | D:6      | 3859 ||| STAIRDANCE
  3865 | D:6      | 3865 ||| STAIRDANCE
  3903 | D:6      | Found a sacrificial altar of Ru.
  3904 | D:6      | 3904 ||| Stepping ~*~*~tactically~*~*~ (hiding).
  3933 | D:6      | Noticed a wyvern
  3944 | D:6      | Killed a wyvern
  4000 | D:6      | 4000 ||| DRINKING 3 potions of curing.
  4000 | D:6      | 4000 ||| (to cure confusion)
  4046 | D:6      | Reached skill level 8 in Axes
  4051 | D:6      | Reached * piety under Okawaru
  4112 | D:6      | Reached skill level 1 in Invocations
  4141 | D:6      | 4141 ||| INVOKING Heroism.
  4182 | D:6      | Noticed Edmund
  4183 | D:6      | 4183 ||| INVOKING Heroism.
  4196 | D:6      | Killed Edmund
  4197 | D:6      | Reached skill level 6 in Fighting
  4197 | D:6      | Reached skill level 3 in Invocations
  4252 | D:6      | Noticed Eustachio
  4253 | D:6      | 4253 ||| INVOKING Heroism.
  4263 | D:6      | Killed Eustachio
  4264 | D:6      | Reached XP level 9. HP: 55/55 MP: 9/11
  4264 | D:6      | 4264 ||| Stepping ~*~*~tactically~*~*~ (hiding).
  4276 | D:6      | 4276 ||| INVOKING Heroism.
  4278 | D:6      | 4278 ||| Stepping ~*~*~tactically~*~*~ (hiding).
  4297 | D:6      | 4297 ||| Stepping ~*~*~tactically~*~*~ (stealth).
  4300 | D:6      | 4300 ||| INVOKING Heroism.
  4370 | D:6      | Noticed Duvessa
  4371 | D:6      | 4371 ||| INVOKING Heroism.
  4371 | D:6      | Noticed Dowan
  4372 | D:6      | 4372 ||| Stepping ~*~*~tactically~*~*~ (hiding).
  4384 | D:6      | Killed Duvessa
  4385 | D:6      | Reached skill level 9 in Axes
  4392 | D:6      | Killed Dowan
  4493 | D:6      | Found a shadowy altar of Dithmenos.
  4502 | D:6      | Reached ** piety under Okawaru
  4704 | D:6      | Noticed Pikel
  4705 | D:6      | 4705 ||| INVOKING Heroism.
  4718 | D:6      | Killed Pikel
  4731 | D:6      | 4731 ||| DRINKING 2 yellow potions.
  4732 | D:6      | 4732 ||| DROPPING potion of brilliance.
  4760 | D:7      | 4760 ||| INVOKING Heroism.
  4761 | D:7      | 4761 ||| STAIRDANCE
  4763 | D:6      | 4763 ||| DRINKING 2 potions of curing.
  4763 | D:6      | 4763 ||| (to cure confusion)
  4777 | D:7      | 4777 ||| STAIRDANCE
  4790 | D:7      | 4790 ||| DRINKING potion of curing.
  4790 | D:7      | 4790 ||| (to cure confusion)
  4808 | D:7      | 4808 ||| Stepping ~*~*~tactically~*~*~ (stealth).
  4811 | D:7      | 4811 ||| Stepping ~*~*~tactically~*~*~ (hiding).
  4819 | D:7      | 4819 ||| Stepping ~*~*~tactically~*~*~ (stealth).
  4823 | D:7      | 4823 ||| Stepping ~*~*~tactically~*~*~ (hiding).
  4841 | D:7      | Noticed Menkaure
  4842 | D:7      | 4842 ||| Stepping ~*~*~tactically~*~*~ (hiding).
  4844 | D:7      | 4844 ||| Stepping ~*~*~tactically~*~*~ (hiding).
  4846 | D:7      | 4846 ||| Stepping ~*~*~tactically~*~*~ (hiding).
  4847 | D:7      | 4847 ||| INVOKING Heroism.
  4859 | D:7      | Killed Menkaure
  4861 | D:7      | 4861 ||| INVOKING Heroism.
  4896 | D:7      | 4896 ||| DROPPING +0 flail of holy wrath.
  4926 | D:7      | 4926 ||| Stepping ~*~*~tactically~*~*~ (stealth).
  4932 | D:7      | 4932 ||| Stepping ~*~*~tactically~*~*~ (stealth).
  4939 | D:7      | 4939 ||| Stepping ~*~*~tactically~*~*~ (stealth).
  4949 | D:7      | 4949 ||| INVOKING Heroism.
  5021 | D:7      | Identified the amulet of Pyromania {Faith Rampage}
  5102 | D:7      | 5102 ||| Stepping ~*~*~tactically~*~*~ (stealth).
  5121 | D:7      | Reached XP level 10. HP: 61/63 MP: 13/13
  5585 | D:7      | Found a sparkling altar of Nemelex Xobeh.
  5609 | D:7      | 5609 ||| UPGRADING to +0 plate armour.
  5619 | D:7      | 5619 ||| DROPPING +0 chain mail.
  5620 | D:7      | 5620 ||| DROPPING amulet of Pyromania {Faith Rampage}.
  5621 | D:7      | 5621 ||| READING 2 scrolls of identify.
  5621 | D:7      | 5621 ||| IDENTIFYING fizzy silvery potion
  5654 | D:8      | Noticed Joseph
  5655 | D:8      | 5655 ||| Stepping ~*~*~tactically~*~*~ (hiding).
  5673 | D:8      | 5673 ||| INVOKING Heroism.
  5679 | D:8      | Killed Joseph
  5680 | D:8      | Reached skill level 6 in Armour
  5686 | D:8      | 5686 ||| INVOKING Heroism.
  5888 | D:8      | 5888 ||| INVOKING Heroism.
  5901 | D:8      | 5901 ||| INVOKING Heroism.
  5936 | D:8      | 5936 ||| Stepping ~*~*~tactically~*~*~ (hiding).
  5937 | D:8      | 5937 ||| Stepping ~*~*~tactically~*~*~ (hiding).
  5938 | D:8      | 5938 ||| Stepping ~*~*~tactically~*~*~ (hiding).
  5958 | D:8      | Reached skill level 10 in Axes
  6044 | D:8      | 6044 ||| Stepping ~*~*~tactically~*~*~ (stealth).
  6066 | D:8      | Found a hazy altar of Hepliaklqana.
  6122 | D:8      | 6122 ||| INVOKING Heroism.
  6129 | D:8      | 6129 ||| Stepping ~*~*~tactically~*~*~ (stealth).
  6173 | D:8      | 6173 ||| Stepping ~*~*~tactically~*~*~ (hiding).
  6358 | D:8      | 6358 ||| DROPPING +6 ring of intelligence.
  6359 | D:8      | 6359 ||| READING 4 scrolls of identify.
  6359 | D:8      | 6359 ||| IDENTIFYING murky black potion
  6360 | D:8      | 6360 ||| READING 3 scrolls of identify.
  6360 | D:8      | 6360 ||| IDENTIFYING fuming golden potion
  6361 | D:8      | 6361 ||| READING 2 scrolls of identify.
  6361 | D:8      | 6361 ||| IDENTIFYING blue potion
  6362 | D:8      | 6362 ||| DROPPING potion of flight.
  6363 | D:8      | 6363 ||| DROPPING potion of berserk rage.
  6408 | D:9      | 6408 ||| INVOKING Heroism.
  6433 | D:9      | 6433 ||| INVOKING Heroism.
  6438 | D:9      | Reached skill level 3 in Throwing
  6454 | D:9      | 6454 ||| Stepping ~*~*~tactically~*~*~ (stealth).
  6455 | D:9      | 6455 ||| Stepping ~*~*~tactically~*~*~ (stealth).
  6457 | D:9      | 6457 ||| FLEEEEING.
  6459 | D:9      | 6459 ||| FLEEEEING.
  6460 | D:9      | 6460 ||| FLEEEEING.
  6461 | D:9      | 6461 ||| FLEEEEING.
  6462 | D:9      | 6462 ||| FLEEEEING.
  6463 | D:9      | 6463 ||| FLEEEEING.
  6464 | D:9      | 6464 ||| STAIRDANCE
  6480 | D:9      | 6480 ||| STAIRDANCE
  6505 | D:9      | 6505 ||| SWAPPING to +1 war axe of electrocution.
  6506 | D:9      | 6506 ||| DROPPING +0 war axe.
  6511 | D:9      | Found Hummuluw's Weapon Emporium.
  6516 | D:9      | Found a staircase to the Orcish Mines.
  6517 | D:9      | 6517 ||| Stepping ~*~*~tactically~*~*~ (stealth).
  6519 | D:9      | 6519 ||| INVOKING Heroism.
  6531 | D:9      | Reached *** piety under Okawaru
  6563 | D:9      | 6563 ||| Stepping ~*~*~tactically~*~*~ (stealth).
  6571 | D:9      | 6571 ||| BUYING +1 war axe of flaming (186 gold).
  6571 | D:9      | Bought a +1 war axe of flaming for 186 gold pieces
  6571 | D:9      | 6571 ||| DROPPING +0 antimagic flail.
  6604 | D:9      | Found a glowing golden altar of the Shining One.
  6634 | D:9      | 6634 ||| INVOKING Heroism.
  6657 | D:9      | 6657 ||| INVOKING Heroism.
  6674 | D:9      | 6674 ||| FLEEEEING.
  6868 | D:9      | Noticed a death yak
  6868 | D:9      | Noticed a death yak
  6869 | D:9      | 6869 ||| INVOKING Heroism.
  6869 | D:9      | Noticed a death yak
  6872 | D:9      | Noticed a death yak
  6873 | D:9      | Noticed a death yak
  6874 | D:9      | Noticed a death yak
  6880 | D:9      | Noticed a death yak
  6881 | D:9      | Noticed a death yak
  6881 | D:9      | HP: 16/64 [death yak (6)]
  6882 | D:9      | 6882 ||| READING 4 scrolls of teleportation.
  6883 | D:9      | 6883 ||| DRINKING potion of heal wounds.
  6884 | D:9      | 6884 ||| INVOKING Heroism.
  6884 | D:9      | Found a staircase to the Lair.
  6946 | D:9      | 6946 ||| INVOKING Heroism.
  6962 | D:9      | 6962 ||| INVOKING Heroism.
  6963 | D:9      | Killed a death yak
  6964 | D:9      | Reached skill level 11 in Axes
  6965 | D:9      | Reached XP level 11. HP: 18/68 MP: 11/14
  6966 | D:9      | HP: 5/68 [death yak (14)]
  6967 | D:9      | 6967 ||| READING 3 scrolls of teleportation.
  6968 | D:9      | Killed a death yak
  6968 | D:9      | Reached **** piety under Okawaru
  6969 | D:9      | Reached skill level 9 in Fighting
  6969 | D:9      | Mangled by a death yak

Levels and vault maps discovered:
D:1:      minmay_arrival_diagonal_passages, layout_loops_ring
D:2:      layout_rooms
D:3:      layout_basic, slow_altar_2, hellmonk_ecumenical_altar_slurped_away
D:4:      layout_loops_ring, lemuel_doored_altar
D:5:      gammafunk_steamed_eel, layout_basic, minmay_temple_entry_offerings
D:6:      layout_basic, nicolae_ru_great_annihilating_truth,
          grunt_dithmenos_shadows, nrook_mini_backslash, uniq_pikel,
          uniq_eustachio, uniq_edmund, uniq_duvessa
D:7:      layout_basic, nemelex_diamond_rough_becter, uniq_menkaure
D:8:      layout_basic, lemuel_crystal_altar, uniq_joseph
D:9:      layout_cross, mainiacjoe_overflow_six_doors_small, dpeg_lair_monsters,
          orc_david_3, introduction_to_nature_1
Temple:   eino_temple_water

Skill      XL: |  1  2  3  4  5  6  7  8  9 10 11 |
---------------+----------------------------------+-----
Axes           | 2 3 4 5 6 7 8 9 11 | 11.2
Throwing       | 1 2 3 |  3.1
Fighting       | 4 5 6 7 8 9 |  9.0
Dodging        | 1 |  1.0
Armour         | 4 5 7 |  7.2
Invocations    | 3 4 |  4.1
Shields        | 4 5 |  5.2

Action                   |  1- 3 |  4- 6 |  7- 9 | 10-12 || total
-------------------------+-------+-------+-------+-------++-------
Melee: War axe           |   132 |    60 |   357 |   188 ||   737
Throw: Javelin           |       |    14 |    29 |    16 ||    59
       Boomerang         |       |       |       |     3 ||     3
Invok: Heroism           |       |       |    11 |    14 ||    25
  Use: Scroll            |    11 |     2 |     1 |     6 ||    20
       Potion            |     3 |     1 |     4 |     1 ||     9
Armor: Scale mail        |    64 |     5 |       |       ||    69
       Chain mail        |       |    15 |   222 |     1 ||   238
       Plate armour      |       |       |       |   152 ||   152
Dodge: Dodged            |    53 |    27 |   105 |    65 ||   250
Block: Buckler           |    22 |     7 |    67 |    51 ||   147

Table legend:
 A = Non-vault XP
 B = Vault XP
 C = Vault XP percentage of total XP
 D = Non-vault monster count
 E = Vault monster count
 F = Vault count percentage of total count
                 A         B        C        D         E       F
            +---------+---------+-------+---------+---------+-------
      Total |    6520 |    3833 |  37.0 |     177 |      35 |  16.5
            +---------+---------+-------+---------+---------+-------
        D:1 |      22 |       0 |   0.0 |      14 |       0 |   0.0
        D:2 |      28 |       0 |   0.0 |       8 |       0 |   0.0
        D:3 |      21 |       7 |  25.0 |      13 |       2 |  13.3
        D:4 |     396 |       0 |   0.0 |      22 |       0 |   0.0
        D:5 |     858 |       0 |   0.0 |      24 |       0 |   0.0
        D:6 |    1408 |    1314 |  48.3 |      32 |      10 |  23.8
        D:7 |     554 |     175 |  24.0 |      16 |       1 |   5.9
        D:8 |     754 |     463 |  38.0 |      25 |       2 |   7.4
        D:9 |    2479 |    1874 |  43.1 |      23 |      20 |  46.5
            +---------+---------+-------+---------+---------+-------
